| TOP OF THE 1ST |
|
Cleveland Guardians batting - Pitching for Detroit Tigers : LHP Adrian Hamilton
|
|
Pitching: LHP Adrian Hamilton
|
|
|
Batting: LHB Arvin Dungca
|
0-0: Ground out 6-3 (Groundball, 6MD, EV 86.9 MPH)
|
|
Batting: RHB Jasper Burd
|
0-0: Ball 1-0: Ball 2-0: Ball 3-0: Called Strike 3-1: Base on Balls
|
|
Batting: RHB Hiroshige Yamada
|
0-0: Foul Ball, location: 2F 0-1: Swinging Strike 0-2: Fly out, F7 (Flyball, 78M, EV 81.9 MPH)
|
|
Batting: RHB Rick O'Reilly
|
0-0: Ball 1-0: Ball 2-0: Called Strike 2-1: Ground out 1-3 (Groundball, P, EV 73.1 MPH)
|
| Top of the 1st over - 0 runs, 0 hits, 0 errors, 1 left on base; Cleveland 0 - Detroit 0 |
| BOTTOM OF THE 1ST |
|
Detroit Tigers batting - Pitching for Cleveland Guardians : RHP Ben Cole
|
|
Pitching: RHP Ben Cole
|
|
|
Batting: RHB Rich Stinson
|
0-0: Fly out, F4 (Line Drive, 4, EV 73.8 MPH)
|
|
Batting: LHB Morgan Black
|
0-0: Ball 1-0: Foul Ball, location: 2F 1-1: Swinging Strike 1-2: Foul Ball, location: 2F 1-2: Ball 2-2: Ball 3-2: Base on Balls
|
|
Batting: LHB Frank McConnell
|
0-0: Ball 1-0: Swinging Strike 1-1: Swinging Strike 1-2: Foul Ball, location: 2F 1-2: Strikes out looking
|
|
Batting: SHB Ross Holland
|
0-0: Called Strike 0-1: Ball 1-1: Ball 2-1: Called Strike Morgan Black steals 2nd base 2-2: Ball 3-2: Strikes out looking
|
| Bottom of the 1st over - 0 runs, 0 hits, 0 errors, 1 left on base; Cleveland 0 - Detroit 0 |
| TOP OF THE 2ND |
|
Cleveland Guardians batting - Pitching for Detroit Tigers : LHP Adrian Hamilton
|
|
Batting: SHB Pete Barutha
|
0-0: Called Strike 0-1: Ball 1-1: Swinging Strike 1-2: Ball 2-2: Strikes out swinging
|
|
Batting: RHB Solange Le Coq
|
0-0: Called Strike 0-1: Foul Ball, location: 2F 0-2: Fly out, F7 (Flyball, 7, EV 87.5 MPH)
|
|
Batting: RHB Aaron Matthews
|
0-0: Ball 1-0: Called Strike 1-1: Ball 2-1: Foul Ball, location: 2F 2-2: Ball 3-2: Strikes out swinging
|
| Top of the 2nd over - 0 runs, 0 hits, 0 errors, 0 left on base; Cleveland 0 - Detroit 0 |
| BOTTOM OF THE 2ND |
|
Detroit Tigers batting - Pitching for Cleveland Guardians : RHP Ben Cole
|
|
Batting: RHB Chris Wheatley
|
0-0: Ball 1-0: Ball 2-0: Ball 3-0: Called Strike 3-1: Foul Ball, location: 2F 3-2: SINGLE (Line Drive, 8RS, EV 104.4 MPH)
|
|
Batting: LHB Tyler Davis
|
0-0: Ball 1-0: Ball 2-0: Swinging Strike 2-1: Swinging Strike 2-2: Foul Ball, location: 2F 2-2: Foul Ball, location: 2F 2-2: Ball 3-2: SINGLE (Groundball, 34D, EV 105.0 MPH) Chris Wheatley to second Chris Wheatley to third
|
|
Batting: SHB Adam Weber
|
0-0: Swinging Strike 0-1: DOUBLE (Flyball, 78XD, EV 91.9 MPH) Chris Wheatley scores Tyler Davis to third
|
|
Batting: RHB Adrian Novakovic
|
0-0: Called Strike 0-1: DOUBLE (Line Drive, 78D, EV 108.8 MPH) Tyler Davis scores Adam Weber scores
|
|
Batting: RHB Jerry Jauregui
|
0-0: Fly out, F7 (Flyball, 7S, EV 88.8 MPH)
|
|
Batting: RHB Rich Stinson
|
0-0: Ball 1-0: Ball 2-0: Foul Ball, location: 2F 2-1: Swinging Strike 2-2: Foul Ball, location: 2F 2-2: Foul Ball, location: 2F 2-2: Foul Ball, location: 2F 2-2: Foul Ball, location: 2F 2-2: Foul Ball, location: 2F 2-2: Foul Ball, location: 2F 2-2: Foul Ball, location: 2F 2-2: SINGLE (Flyball, 5D, EV 88.8 MPH) Adrian Novakovic to third
|
|
Batting: LHB Morgan Black
|
0-0: Swinging Strike 0-1: Called Strike 0-2: Fly out, F8 (Flyball, 8RD, EV 92.5 MPH) Runner from 3rd tags up, SCORES, no throw by CF
|
|
Batting: LHB Frank McConnell
|
0-0: Ball 1-0: Ball Rich Stinson steals 2nd base 2-0: SINGLE (Line Drive, 6MD, EV 98.1 MPH) Rich Stinson to third Runner from 3rd tries for Home, throw by CF and OUT! 8-2
|
| Bottom of the 2nd over - 4 runs, 6 hits, 0 errors, 1 left on base; Cleveland 0 - Detroit 4 |
| TOP OF THE 3RD |
|
Cleveland Guardians batting - Pitching for Detroit Tigers : LHP Adrian Hamilton
|
|
Batting: LHB Brent Albertson
|
0-0: Foul Ball, location: 2F 0-1: Ball 1-1: Called Strike 1-2: Ball 2-2: Ball 3-2: Foul Ball, location: 2F 3-2: Foul Ball, location: 2F 3-2: Strikes out looking
|
|
Batting: RHB Danny Eberhart
|
0-0: Swinging Strike 0-1: Foul Ball, location: 2F 0-2: Strikes out swinging
|
|
Batting: LHB Arvin Dungca
|
0-0: Ball 1-0: Swinging Strike 1-1: Ground out 6-3 (Groundball, 4MS, EV 71.9 MPH)
|
| Top of the 3rd over - 0 runs, 0 hits, 0 errors, 0 left on base; Cleveland 0 - Detroit 4 |
| BOTTOM OF THE 3RD |
|
Detroit Tigers batting - Pitching for Cleveland Guardians : RHP Ben Cole
|
|
Batting: SHB Ross Holland
|
0-0: Foul Ball, location: 2F 0-1: Ground out U3 (Groundball, 3, EV 106.2 MPH)
|
|
Batting: RHB Chris Wheatley
|
0-0: Foul Ball, location: 2F 0-1: Ball 1-1: Swinging Strike 1-2: Ground out 5-3 (Groundball, 56, EV 79.4 MPH)
|
|
Batting: LHB Tyler Davis
|
0-0: Called Strike 0-1: Ball 1-1: Foul Ball, location: 2F 1-2: Ground out U3 (Groundball, 3, EV 82.5 MPH)
|
| Bottom of the 3rd over - 0 runs, 0 hits, 0 errors, 0 left on base; Cleveland 0 - Detroit 4 |
| TOP OF THE 4TH |
|
Cleveland Guardians batting - Pitching for Detroit Tigers : LHP Adrian Hamilton
|
|
Batting: RHB Jasper Burd
|
0-0: Ball 1-0: Ball 2-0: Ball 3-0: Fly out, F9 (Flyball, 9D, EV 80.0 MPH)
|
|
Batting: RHB Hiroshige Yamada
|
0-0: Foul Ball, location: 2F 0-1: Ball 1-1: Ball 2-1: Called Strike 2-2: Strikes out swinging
|
|
Batting: RHB Rick O'Reilly
|
0-0: Ball 1-0: Fly out, F8 (Flyball, 8RD, EV 88.1 MPH)
|
| Top of the 4th over - 0 runs, 0 hits, 0 errors, 0 left on base; Cleveland 0 - Detroit 4 |
| BOTTOM OF THE 4TH |
|
Detroit Tigers batting - Pitching for Cleveland Guardians : RHP Ben Cole
|
|
Batting: SHB Adam Weber
|
0-0: DOUBLE (Flyball, 89D, EV 96.2 MPH)
|
|
Batting: RHB Adrian Novakovic
|
0-0: Swinging Strike 0-1: Swinging Strike 0-2: Ball 1-2: Ball 2-2: Strikes out swinging
|
|
Batting: RHB Jerry Jauregui
|
0-0: Ground out 6-3 (Groundball, 6, EV 88.1 MPH) Adam Weber to third
|
|
Batting: RHB Rich Stinson
|
0-0: Swinging Strike 0-1: Foul Ball, location: 2F 0-2: Reached on error, E1 (Groundball, 15S, EV 72.5 MPH) Adam Weber scores
|
|
Batting: LHB Morgan Black
|
0-0: Swinging Strike 0-1: Swinging Strike 0-2: Strikes out swinging
|
| Bottom of the 4th over - 1 run, 1 hit, 1 error, 1 left on base; Cleveland 0 - Detroit 5 |
| TOP OF THE 5TH |
|
Cleveland Guardians batting - Pitching for Detroit Tigers : LHP Adrian Hamilton
|
|
Batting: SHB Pete Barutha
|
0-0: Foul Ball, location: 2F 0-1: Swinging Strike 0-2: Ball 1-2: Ball 2-2: SINGLE (Line Drive, 4D, EV 100.0 MPH)
|
|
Batting: RHB Solange Le Coq
|
0-0: Called Strike 0-1: Swinging Strike 0-2: Foul Ball, location: 2F 0-2: Strikes out swinging
|
|
Batting: RHB Aaron Matthews
|
0-0: Called Strike 0-1: Called Strike 0-2: Ball 1-2: Ball 2-2: Strikes out swinging
|
|
Batting: LHB Brent Albertson
|
0-0: Ball Pete Barutha steals 2nd base 1-0: Ball 2-0: Called Strike 2-1: Fly out, F8 (Flyball, 78M, EV 95.0 MPH)
|
| Top of the 5th over - 0 runs, 1 hit, 0 errors, 1 left on base; Cleveland 0 - Detroit 5 |
| BOTTOM OF THE 5TH |
|
Detroit Tigers batting - Pitching for Cleveland Guardians : RHP Ben Cole
|
|
Pitching: RHP Matt Zambon
|
|
|
Batting: LHB Frank McConnell
|
0-0: Ball 1-0: Foul Ball, location: 2F 1-1: Ball 2-1: Called Strike 2-2: Ball 3-2: Foul Ball, location: 2F 3-2: Ground out U3 (Groundball, 3, EV 90.0 MPH)
|
|
Batting: SHB Ross Holland
|
0-0: Called Strike 0-1: Swinging Strike 0-2: Strikes out swinging
|
|
Batting: RHB Chris Wheatley
|
0-0: Ball 1-0: Called Strike 1-1: Ball 2-1: Foul Ball, location: 2F 2-2: Strikes out swinging
|
| Bottom of the 5th over - 0 runs, 0 hits, 0 errors, 0 left on base; Cleveland 0 - Detroit 5 |
| TOP OF THE 6TH |
|
Cleveland Guardians batting - Pitching for Detroit Tigers : LHP Adrian Hamilton
|
|
Batting: RHB Danny Eberhart
|
0-0: Ball 1-0: Swinging Strike 1-1: Called Strike 1-2: SINGLE (Groundball, 4M, EV 91.9 MPH) (infield hit)
|
|
Batting: LHB Arvin Dungca
|
0-0: Ball 1-0: Fielders Choice at 2nd, 4-6 (Groundball, 34, EV 79.4 MPH)
|
|
Batting: RHB Jasper Burd
|
0-0: Foul Ball, location: 2F 0-1: Ball 1-1: Ball 2-1: Foul Ball, location: 2F 2-2: Strikes out swinging
|
|
Batting: RHB Hiroshige Yamada
|
0-0: Ball 1-0: Fielders Choice at 2nd, 6-4 (Groundball, 6, EV 90.0 MPH)
|
| Top of the 6th over - 0 runs, 1 hit, 0 errors, 1 left on base; Cleveland 0 - Detroit 5 |
| BOTTOM OF THE 6TH |
|
Detroit Tigers batting - Pitching for Cleveland Guardians : RHP Matt Zambon
|
|
Batting: LHB Tyler Davis
|
0-0: Ball 1-0: Called Strike 1-1: Fly out, F9 (Line Drive, 9S, EV 101.2 MPH)
|
|
Batting: SHB Adam Weber
|
0-0: Called Strike 0-1: Ball 1-1: Swinging Strike 1-2: SINGLE (Groundball, 4MD, EV 105.0 MPH)
|
|
Batting: RHB Adrian Novakovic
|
0-0: Grounds into double play, 6-4-3 (Groundball, 6, EV 81.9 MPH)
|
| Bottom of the 6th over - 0 runs, 1 hit, 0 errors, 0 left on base; Cleveland 0 - Detroit 5 |
| TOP OF THE 7TH |
|
Cleveland Guardians batting - Pitching for Detroit Tigers : LHP Adrian Hamilton
|
|
Batting: RHB Rick O'Reilly
|
0-0: Called Strike 0-1: Ball 1-1: Swinging Strike 1-2: Strikes out swinging
|
|
Batting: SHB Pete Barutha
|
0-0: Ball 1-0: Called Strike 1-1: Called Strike 1-2: Strikes out swinging
|
|
Batting: RHB Solange Le Coq
|
0-0: Called Strike 0-1: Ball 1-1: Ground out 4-3 (Groundball, 4S, EV 80.0 MPH)
|
| Top of the 7th over - 0 runs, 0 hits, 0 errors, 0 left on base; Cleveland 0 - Detroit 5 |
| BOTTOM OF THE 7TH |
|
Detroit Tigers batting - Pitching for Cleveland Guardians : RHP Matt Zambon
|
|
Batting: RHB Jerry Jauregui
|
0-0: Called Strike 0-1: Foul Ball, location: 2F 0-2: Ground out 6-3 (Groundball, 6, EV 85.6 MPH)
|
|
Batting: RHB Rich Stinson
|
0-0: Called Strike 0-1: Ball 1-1: Ball 2-1: DOUBLE (Groundball, 5L, EV 103.8 MPH)
|
|
Batting: LHB Morgan Black
|
0-0: Ball 1-0: Foul Ball, location: 2F 1-1: Foul Ball, location: 2F 1-2: Ball 2-2: Foul Ball, location: 2F 2-2: Strikes out swinging
|
|
Batting: LHB Frank McConnell
|
0-0: Ball 1-0: Swinging Strike 1-1: Ball 2-1: SINGLE (Line Drive, 9LS, EV 96.9 MPH) Rich Stinson to third Runner from 3rd tries for Home, SAFE, throw by RF to home
|
|
Batting: SHB Ross Holland
|
0-0: Called Strike 0-1: Ball 1-1: SINGLE (Groundball, 4MD, EV 103.1 MPH) Frank McConnell to second Runner from 2nd tries for 3rd, SAFE, throw by CF made to third
|
|
Batting: RHB Chris Wheatley
|
0-0: Called Strike 0-1: Called Strike 0-2: Ball 1-2: Ball 2-2: Ball 3-2: Base on Balls Ross Holland to second
|
|
Pitching: RHP Ryan Southerland
|
|
|
Batting: LHB Tyler Davis
|
0-0: Fly out, F9 (Flyball, 9, EV 98.1 MPH)
|
| Bottom of the 7th over - 1 run, 3 hits, 0 errors, 3 left on base; Cleveland 0 - Detroit 6 |
| TOP OF THE 8TH |
|
Cleveland Guardians batting - Pitching for Detroit Tigers : LHP Adrian Hamilton
|
|
Batting: RHB Aaron Matthews
|
0-0: Ball 1-0: Ball 2-0: Ball 3-0: Ground out 6-3 (Groundball, 6, EV 81.9 MPH)
|
|
Batting: LHB Brent Albertson
|
0-0: Ball 1-0: Ground out U3 (Groundball, 3L, EV 91.2 MPH)
|
|
Batting: RHB Danny Eberhart
|
0-0: SINGLE (Groundball, 6MD, EV 96.2 MPH)
|
|
Batting: LHB Arvin Dungca
|
0-0: Ground out 4-3 (Groundball, 34, EV 105.6 MPH)
|
| Top of the 8th over - 0 runs, 1 hit, 0 errors, 1 left on base; Cleveland 0 - Detroit 6 |
| BOTTOM OF THE 8TH |
|
Detroit Tigers batting - Pitching for Cleveland Guardians : RHP Ryan Southerland
|
|
Batting: SHB Adam Weber
|
0-0: Swinging Strike 0-1: Foul Ball, location: 2F 0-2: Ball 1-2: Ball 2-2: Foul Ball, location: 2F 2-2: Ball 3-2: Base on Balls
|
|
Batting: RHB Adrian Novakovic
|
0-0: Ball 1-0: Swinging Strike 1-1: Ball 2-1: Foul Ball, location: 2F 2-2: Strikes out swinging
|
|
Pitching: RHP Joe Zeiset
|
|
|
Batting: RHB Jerry Jauregui
|
0-0: SINGLE (Line Drive, 9S, EV 103.8 MPH) Adam Weber to second
|
|
Batting: RHB Rich Stinson
|
0-0: Foul Ball, location: 2F 0-1: Ball 1-1: Fly out, F9 (Flyball, 9, EV 93.1 MPH)
|
|
Batting: LHB Morgan Black
|
0-0: Ball 1-0: Ball 2-0: Ball 3-0: Called Strike 3-1: Called Strike 3-2: Base on Balls Adam Weber to third Jerry Jauregui to second
|
|
Batting: LHB Frank McConnell
|
0-0: Called Strike 0-1: Ball 1-1: Foul Ball, location: 2F 1-2: Fly out, F9 (Line Drive, 89D, EV 95.6 MPH)
|
| Bottom of the 8th over - 0 runs, 1 hit, 0 errors, 3 left on base; Cleveland 0 - Detroit 6 |
| TOP OF THE 9TH |
|
Cleveland Guardians batting - Pitching for Detroit Tigers : LHP Adrian Hamilton
|
|
Batting: RHB Jasper Burd
|
0-0: Foul Ball, location: 2F 0-1: Ground out U3 (Groundball, 3L, EV 81.9 MPH)
|
|
Batting: RHB Hiroshige Yamada
|
0-0: Ball 1-0: Fly out, F7 (Line Drive, 78M, EV 98.8 MPH)
|
|
Batting: RHB Rick O'Reilly
|
0-0: Ball 1-0: Ball 2-0: Called Strike 2-1: Ball 3-1: DOUBLE (Line Drive, 78D, EV 97.5 MPH)
|
|
Pitching: RHP Caleb Franklin
|
|
|
Batting: SHB Pete Barutha
|
0-0: Ball 1-0: Called Strike 1-1: Ball 2-1: Ball 3-1: Foul Ball, location: 2F 3-2: Base on Balls
|
|
Batting: RHB Solange Le Coq
|
0-0: Fly out, F9 (Flyball, 9, EV 88.1 MPH)
|
| Top of the 9th over - 0 runs, 1 hit, 0 errors, 2 left on base; Cleveland 0 - Detroit 6 |
|